 Dungeon Sprint DCSS version 0.21-a0-417-g0adc95b (webtiles) character file.

413 Kidiri the Insei (level 6, 0/60 HPs)
             Began as a Draconian Transmuter on Nov 3, 2017.
             Was an Initiate of Wu Jian.
             Slain by a slime creature (8 damage)
             ... in the Dungeon (Sprint I: "Red Sonja").
             The game lasted 00:01:48 (605 turns).

Kidiri the Insei (Draconian Transmuter)              Turns: 605, Time: 00:01:48

Health: 0/60       AC:  6    Str: 13    XL:     6   Next: 59%
Magic:  6/12       EV: 14    Int: 13    God:    Wu Jian [......]
Gold:   297        SH:  0    Dex: 13    Spells: 4/14 levels left

rFire    . . .     SeeInvis .     - Unarmed
rCold    . . .     Gourm    .   (no shield)
rNeg     . . .     Faith    .   (armour unavailable)
rPois    +         Spirit   .   (helmet restricted)
rElec    .         Reflect  .   (no cloak)
rCorr    .         Harm     .   (no gloves)
MR       .....     NoTele   +   (no boots)
Stlth    +++.......             (no amulet)
HPRegen  0.20/turn              o - ring of poison resistance
MPRegen  0.13/turn              (no ring)

@: very slightly contaminated
A: unfitting armour, cold-blooded, AC +6
a: Renounce Religion


You were in the Dungeon.
You worshipped Wu Jian.
Wu Jian was noncommittal.
You were not hungry.

You visited 1 branch You collected 297 gold pieces.

Inventory:

Hand Weapons
 k - a cursed -1 scythe
 m - a +0 giant club
Missiles
 a - 10 arrows
Armour
 l - a +0 ring mail
 n - a +0 robe
Jewellery
 o - a ring of poison resistance (left hand)
Wands
 h - a wand of flame (33/48)
Scrolls
 i - a scroll of blinking
Potions
 d - a potion of curing
 e - a potion of heal wounds
 f - a potion of haste
 g - 2 potions of magic
 j - a potion of brilliance {unknown}
Books
 b - a book of Changes

   Spells                             Type                      Level
   a - Beastly Appendage              Transmutation                1
   b - Sticks to Snakes               Transmutation                2
   c - Spider Form                    Transmutation/Poison         3
   d - Ice Form                       Ice/Transmutation            4
   e - Blade Hands                    Transmutation                5
Comestibles
 c - a bread ration
 p - 4 chunks of flesh


   Skills:
 * Level 7.1 Fighting
 + Level 4.4 Dodging
 + Level 4.3 Stealth
 * Level 7.1 Unarmed Combat
 + Level 4.5 Spellcasting
 * Level 6.6 Transmutations
 + Level 1.9 Ice Magic
 + Level 3.2 Poison Magic


You had 4 spell levels left.
You knew the following spells:

 Your Spells              Type           Power        Failure   Level  Hunger
a - Beastly Appendage     Tmut           ###...       1%          1    None
b - Sticks to Snakes      Tmut           ###.....     1%          2    ##.....
c - Spider Form           Tmut/Pois      ###.......   8%          3    ###....
d - Ice Form              Ice/Tmut       ##......     32%         4    ####...


Dungeon Overview and Level Annotations

Branches:
Dungeon (1/1)

Altars:
Cheibriados
Dithmenos
Elyvilon
Fedhas
Gozag
Hepliaklqana
Kikubaaqudgha
Makhleb
Nemelex Xobeh
Okawaru
Qazlal
Ru
Sif Muna
Trog
Uskayaw
Vehumet
Wu Jian
Xom
Yredelemnul
Zin
The Shining One
Jiyva
Lugonu

Shops:
D %


Innate Abilities, Weirdness & Mutations

Your plain brown scales are hard. (AC +6)
You cannot fit into any form of body armour.
You are cold-blooded and may be slowed by cold attacks.


Message History

The slime creature is heavily wounded.
The slime creature hits you.
You bite the slime creature!
The slime creature is severely wounded.
The slime creature hits you!
You bite the slime creature!
The slime creature is severely wounded.
Unknown command.
The slime creature closely misses you.
Your transformation has ended.
There is an open door here.
Casting: Spider Form
Confirm with . or Enter, or press ? or * to list all spells.
You miscast Ice Form.
You are very lightly contaminated with residual magic.
Your body is twisted very painfully!
* * * LOW HITPOINT WARNING * * *
Unknown command.
The slime creature hits you!
You die...

###################
#<.#..'..#..J..#__#
#..'..#..'.@#..'..+
#..#####+#####+#__#
#..####..#...#.####
#..#__####..##)#
#..#_____##+#_.+
#⌠⌠#_.∩..÷+..._#
####_..__##_.#+#
#_____###+#(#
####### ###


You could see a slime creature.

Vanquished Creatures
  Sigmund (D)
  A yak (D)
  An ogre (D)
  A jelly (D)
  Ijyb (D)
5 creatures vanquished.

Notes
Turn   | Place    | Note
-------+----------+-------------------------------------------
     0 | D        | Kidiri the Draconian Transmuter began the quest for the Orb.
     0 | D        | Reached XP level 1. HP: 16/16 MP: 3/3
     3 | D        | Noticed Ijyb
    11 | D        | Killed Ijyb
    11 | D        | Reached skill level 1 in Stealth
    11 | D        | Reached XP level 2. HP: 25/26 MP: 2/5
   111 | D        | Learned a level 2 spell: Sticks to Snakes
   111 | D        | Noticed an ogre
   126 | D        | Killed an ogre
   126 | D        | Reached skill level 5 in Unarmed Combat
   126 | D        | Reached XP level 3. HP: 10/34 MP: 1/7
   126 | D        | Reached XP level 4. HP: 13/41 MP: 1/8
   344 | D        | Learned a level 3 spell: Spider Form
   368 | D        | Noticed Sigmund
   376 | D        | Killed Sigmund
   376 | D        | Reached skill level 5 in Transmutations
   376 | D        | Reached XP level 5. HP: 50/50 MP: 5/11
   394 | D        | Learned a level 4 spell: Ice Form
   425 | D        | Found an ornate altar of the Wu Jian Council.
   425 | D        | Found a deep blue altar of Sif Muna.
   428 | D        | Found a radiant altar of Vehumet.
   431 | D        | Became a worshipper of the Wu Jian Council
   436 | D        | Reached XP level 6. HP: 45/57 MP: 9/12
   497 | D        | Found Osim's Food Emporium.
   497 | D        | Found an ancient bone altar of Kikubaaqudgha.
   497 | D        | Found a hazy altar of Hepliaklqana.
   497 | D        | Found a stormy altar of Qazlal.
   497 | D        | Found a hide-covered altar of Uskayaw.
   497 | D        | Found a blossoming altar of Fedhas.
   497 | D        | Found a bloodstained altar of Trog.
   497 | D        | Found an iron altar of Okawaru.
   497 | D        | Found a basalt altar of Yredelemnul.
   497 | D        | Found a glowing golden altar of the Shining One.
   497 | D        | Found a snail-covered altar of Cheibriados.
   497 | D        | Found a sacrificial altar of Ru.
   497 | D        | Found a glowing silver altar of Zin.
   497 | D        | Found a shadowy altar of Dithmenos.
   497 | D        | Found a white marble altar of Elyvilon.
   497 | D        | Noticed a yak
   498 | D        | Found an opulent altar of Gozag.
   509 | D        | Killed a yak
   509 | D        | Reached skill level 1 in Ice Magic
   510 | D        | Found a sparkling altar of Nemelex Xobeh.
   593 | D        | Found a burning altar of Makhleb.
   593 | D        | Found a viscous altar of Jiyva.
   593 | D        | Found a shimmering altar of Xom.
   593 | D        | Found a corrupted altar of Lugonu.
   593 | D        | Noticed a slime creature
   605 | D        | Slain by a slime creature

Vault maps used:
D:        dungeon_sprint_1

Skill      XL: |  1  2  3  4  5  6 |
---------------+-------------------+-----
Fighting       | 3 4 6 7 |  7.1
Dodging        | 2 3 4 |  4.4
Stealth        | 1 2 3 4 |  4.3
Unarmed Combat | 4 5 6 7 |  7.1
Transmutations | 3 4 5 6 |  6.6
Spellcasting   | 3 4 |  4.5
Poison Magic   | 2 3 |  3.2
Ice Magic      | 1 |  1.9

Action                   |  1- 3 |  4- 6 || total
-------------------------+-------+-------++-------
Melee: Unarmed           |    16 |    27 ||    43
       Tailslap          |     1 |       ||     1
 Cast: Beastly Appendage |     1 |       ||     1
       Sticks to Snakes  |     2 |       ||     2
       Spider Form       |       |     4 ||     4
  Use: Potion            |     1 |       ||     1
 Stab: Sleeping          |     1 |     3 ||     4
Armor: Skin              |     1 |       ||     1
Dodge: Dodged            |     7 |    15 ||    22

Table legend:
 A = Spawn XP
 B = Non-spawn XP
 C = Spawn XP percentage of total XP
 D = Spawn monster count
 E = Non-spawn monster count
 F = Spawn count percentage of total count
 G = Total turns spent on level
                    A         B        C        D         E        F      G
               +---------+---------+-------+---------+---------+-------+---------
         Total |       0 |     590 |   0.0 |       0 |       5 |   0.0 |   605
               +---------+---------+-------+---------+---------+-------+---------
             D |       0 |     590 |   0.0 |       0 |       5 |   0.0 |   605
               +---------+---------+-------+---------+---------+-------+---------
